3097 views
Uploaded 2020-08-17 12:32:44
Game version 1.32.8
9:39 long 1on1 custom game on (2)Amazonia
Game name "W3Champions-s2-20-x_o4H-j76"
Saved by RichApM
3097 views
Uploaded 2020-08-17 12:32:44
Game version 1.32.8
9:39 long 1on1 custom game on (2)Amazonia
Game name "W3Champions-s2-20-x_o4H-j76"

/ 0.2k
13 buildings @ 2.1k
/ 0.8k


| Wisp | 18 | 1080 | / | 0 |
| Archer | 6 | 780 | / | 60 |
| Dryad | 3 | 435 | / | 180 |
| total: | 27 | 2295g | / | 240w |
| Ancient Protector | 1 | 135 | / | 80 |
| Altar of Elders | 1 | 180 | / | 50 |
| Moon Well | 6 | 1080 | / | 240 |
| Ancient of War | 2 | 300 | / | 120 |
| Hunter's Hall | 1 | 210 | / | 100 |
| Ancient of Wonders | 1 | 90 | / | 30 |
| Ancient of Lore | 1 | 155 | / | 145 |
| Tree of Ages | 1 | 320 | / | 180 |
| total: | 13 | 2150g | / | 765w |
| 0:01 | Wisp |
| 0:02 | Altar of Elders |
| 0:06 | Wisp |
| 0:15 | Moon Well |
| 0:21 | Ancient of War |
| 0:31 | Wisp |
| 0:40 | Wisp |
| 0:52 | Wisp |
| 1:00 | Wisp |
| 1:11 | Wisp |
| 1:22 | Archer |
| 1:25 | Wisp |
| 1:37 | Moon Well |
| 1:45 | Wisp |
| 2:27 | Ancient of War |
| 2:38 | Wisp |
| 3:00 | Tree of Ages |
| 3:09 | Moon Well |
| 3:27 | Archer |
| 3:34 | Hunter's Hall |
| 3:45 | Archer |
| 4:04 | Archer |
| 4:14 | Shadow Strike |
| 5:01 | Archer |
| 5:11 | Moon Well |
| 5:55 | Shadow Strike |
| 6:01 | Archer |
| 6:03 | Ancient of Lore |
| 6:05 | Wisp |
| 6:05 | Wisp |
| 6:29 | Breath of Fire |
| 6:30 | Ancient Protector |
| 7:28 | Wisp |
| 7:28 | Wisp |
| 7:29 | Moon Well |
| 7:43 | Dryad |
| 7:52 | Moon Well |
| 8:00 | Wisp |
| 8:00 | Wisp |
| 8:00 | Wisp |
| 8:18 | Dryad |
| 8:37 | Ancient of Wonders |
| 9:10 | Wisp |
| 9:14 | Dryad |
| 9:19 | Fan of Knives |
| 9:20 | Fan of Knives |
| 9:24 | Drunken Brawler |
| Right click | 938 |
| Select group | 648 |
| Select | 383 |
| Build/train/purchase | 58 |
| Assign group | 51 |
| Use ability | 30 |
| Misc. action | 23 |
| Esc | 1 |
41 units @ 4.3k
/ 0k
8 buildings @ 1.4k
/ 0.3k

| Rod of Necromancy | 1 | 150 |
| Dust of Appearance | 1 | 75 |
| total: | 2 | 225g |
| Acolyte | 13 | 975 | / | 0 |
| Ghoul | 28 | 3360 | / | 0 |
| total: | 41 | 4335g | / | 0w |
| Crypt | 2 | 400 | / | 100 |
| Altar of Darkness | 1 | 180 | / | 50 |
| Ziggurat | 3 | 450 | / | 150 |
| Tomb of Relics | 1 | 130 | / | 30 |
| Necropolis | 1 | 225 | / | 0 |
| total: | 8 | 1385g | / | 330w |
| 0:00 | Acolyte |
| 0:06 | Crypt |
| 0:12 | Altar of Darkness |
| 0:24 | Ziggurat |
| 0:33 | Acolyte |
| 0:33 | Acolyte |
| 0:33 | Acolyte |
| 0:33 | Acolyte |
| 0:33 | Acolyte |
| 0:33 | Acolyte |
| 0:33 | Acolyte |
| 0:33 | Acolyte |
| 0:33 | Acolyte |
| 0:33 | Acolyte |
| 0:44 | Acolyte |
| 1:04 | Tomb of Relics |
| 1:09 | Ghoul |
| 1:09 | Ghoul |
| 1:09 | Ghoul |
| 1:25 | Ziggurat |
| 1:37 | Ghoul |
| 1:49 | Ghoul |
| 1:49 | Ghoul |
| 2:11 | Rod of Necromancy |
| 2:12 | Dust of Appearance |
| 2:15 | Death Coil |
| 2:31 | Crypt |
| 2:48 | Ghoul |
| 2:59 | Ghoul |
| 3:10 | Unholy Aura |
| 3:12 | Ziggurat |
| 3:26 | Ghoul |
| 3:34 | Ghoul |
| 3:47 | Ghoul |
| 4:05 | Ghoul |
| 4:06 | Ghoul |
| 4:06 | Ghoul |
| 4:48 | Ghoul |
| 5:01 | Ghoul |
| 5:33 | Ghoul |
| 5:35 | Ghoul |
| 5:49 | Ghoul |
| 6:07 | Necropolis |
| 6:34 | Ghoul |
| 6:44 | Ghoul |
| 7:13 | Ghoul |
| 7:36 | Ghoul |
| 7:52 | Ghoul |
| 8:15 | Ghoul |
| 8:27 | Ghoul |
| 8:58 | Acolyte |
| 8:59 | Ghoul |
| 9:14 | Ghoul |
| Right click | 972 |
| Select group | 639 |
| Select | 342 |
| Misc. action | 329 |
| Build/train/purchase | 79 |
| Chat | 65 |
| Assign group | 53 |
| Use ability | 12 |